 Dungeon Crawl Stone Soup version 0.22.0-1-g6561e4c (webtiles) character file.

32 George the Skirmisher (level 3, -5/33 HPs)
             Began as a Hill Orc Fighter on Aug 12, 2018.
             Was an Initiate of Qazlal.
             Slain by Crazy Yiuf
             ... wielding a +2 quarterstaff of chaos
              (13 damage)
             ... on level 2 of the Dungeon.
             The game lasted 00:01:22 (1293 turns).

George the Skirmisher (Hill Orc Fighter)            Turns: 1293, Time: 00:01:23

Health: -5/33      AC:  6    Str: 19    XL:     3   Next: 25%
Magic:  3/3        EV:  7    Int:  8    God:    Qazlal [......]
Gold:   74         SH:  9    Dex: 10    Spells: 2/2 levels left

rFire    . . .     SeeInvis +   a - +0 war axe
rCold    . . .     Gourm    .   c - +0 shield
rNeg     . . .     Faith    .   b - +0 scale mail
rPois    .         Spirit   .   (no helmet)
rElec    .         Reflect  .   (no cloak)
rCorr    .         Harm     .   (no gloves)
MR       .....                  (no boots)
Stlth    ..........             (no amulet)
HPRegen  0.11/turn              h - ring of see invisible
MPRegen  0.08/turn              (no ring)

@: drained
A: no striking features
a: Renounce Religion


You were on level 2 of the Dungeon.
You worshipped Qazlal.
Qazlal was noncommittal.
You were not hungry.

You visited 1 branch of the dungeon, and saw 2 of its levels.

You collected 74 gold pieces.

Inventory:

Hand Weapons
 a - a +0 war axe (weapon)
Armour
 b - a +0 scale mail (worn)
 c - a +0 shield (worn)
Jewellery
 h - a ring of see invisible (left hand)
 i - an uncursed ring of fire {unknown}
Scrolls
 e - 3 scrolls of teleportation {unknown}
 j - a scroll of enchant weapon {unknown}
 k - a scroll of identify {unknown}
Potions
 d - 2 potions of might
 g - a potion of mutation {unknown}
 l - a potion of agility {unknown}
 m - a potion of haste {unknown}
 n - a potion of cancellation {unknown}
 o - a potion of ambrosia {unknown}
 p - a potion of berserk rage {unknown}
Comestibles
 f - 5 rations
 q - 3 chunks of flesh


   Skills:
 + Level 4.0(3.7) Fighting
 * Level 3.9(3.6) Axes
 + Level 3.6(3.3) Armour
 - Level 3.2(3.0) Shields
 + Level 0.2(0.0) Invocations


You had 2 spell levels left.
You didn't know any spells.
Your spell library was empty.

Dungeon Overview and Level Annotations

Branches:
Dungeon (2/15)

Altars:
Qazlal
The Shining One

Annotations:
D:2 Crazy Yiuf


Message History

You open the door.
Crazy Yiuf the Enlightened comes into view.
He is wielding a quarterstaff of chaos.
Crazy Yiuf shouts!
Found a mace.
There is an open door here.
You hit Crazy Yiuf but do no damage.
Crazy Yiuf hits you with a quarterstaff of chaos!
Your shield prevents you from hitting Crazy Yiuf.
Crazy Yiuf says, "Ten tea seventy!"
Crazy Yiuf completely misses you.
You slash Crazy Yiuf!
Crazy Yiuf is heavily wounded.
Crazy Yiuf hits you with a quarterstaff of chaos.
You hit Crazy Yiuf.
Crazy Yiuf is heavily wounded.
Crazy Yiuf hits you with a quarterstaff of chaos.
You feel drained.
* * * LOW HITPOINT WARNING * * *
Crazy Yiuf hits you but does no damage.
You are electrocuted!
You die...

#..##...# #### #..##...########
#..#....##.....# ######..##.....#
#..##.....# ###♣♣♣♣♣ #..##.....)
##..P.♣.♣♣♣ #### #####......
##....P.♣..♣#...# #.#.##.
#......♣♣♣♣.@g..# #......
#.....♣♣ ♣♣#..)# #.##.#. #.###♣♣
#### #####...... #.## #<.....#.##
#..# #>#......##
#####.#################.#........
..÷).###.........................
.####.#.#.#########.###.#.....###
....##.#...## #.# #........#


You could see Crazy Yiuf.

Vanquished Creatures
  A worm (D:2)
  2 dart slugs (D:1)
  A leopard gecko (D:2)
  2 ball pythons
  A giant cockroach (D:1)
  2 goblins (D:2)
  4 hobgoblins
  3 bats
  3 frilled lizards (D:2)
  3 kobolds
  2 rats (D:2)
24 creatures vanquished.

Notes
Turn   | Place    | Note
-------+----------+-------------------------------------------
     0 | D:1      | George the Hill Orc Fighter began the quest for the Orb.
     0 | D:1      | Reached XP level 1. HP: 19/19 MP: 1/1
   220 | D:1      | Reached XP level 2. HP: 24/27 MP: 2/2
   689 | D:2      | Reached skill level 4 in Fighting
   690 | D:2      | Reached XP level 3. HP: 28/33 MP: 3/3
   906 | D:2      | Found a runed door.
   974 | D:2      | Found a glowing golden altar of the Shining One.
   974 | D:2      | Found a stormy altar of Qazlal.
  1084 | D:2      | Became a worshipper of Qazlal Stormbringer
  1288 | D:2      | Noticed Crazy Yiuf
  1293 | D:2      | Slain by Crazy Yiuf

Skill      XL: |  1  2 |
---------------+-------+-----
Axes           | 3 |  3.9
Fighting       | 4 |  4.0
Armour         | |  3.6
Shields        | |  3.2
Invocations    | |  0.2

Action                   || total
-------------------------++-------
Melee: War axe           ||    83
  Eat: Chunk             ||     1
Armor: Scale mail        ||    39
Dodge: Dodged            ||    30
Block: Shield            ||    41
